TOP OF THE 1ST |
Oliver Ames HS Tigers batting - Pitching for John Jay HS Patriots : RHP Arturo Martínez
|
Pitching: RHP Arturo Martínez
|
|
Batting: LHB Jason King
|
0-0: Ball 1-0: Ball 2-0: Foul Ball, location: 2F 2-1: Ball 3-1: Called Strike 3-2: Base on Balls
|
Batting: LHB Brandon Napoleon
|
0-0: Ball 1-0: Called Strike Jason King steals 2nd base 1-1: Foul Ball, location: 2F 1-2: Foul Ball, location: 2F 1-2: Ball 2-2: Ball 3-2: Fly out, F7 (Flyball, 78M)
|
Batting: RHB Will Hinkle
|
0-0: Ball 1-0: Called Strike 1-1: Foul Ball, location: 2F 1-2: Strikes out swinging
|
Batting: LHB Kevin Carter
|
0-0: SINGLE (Line Drive, 9LS) Jason King to third Runner from 3rd tries for Home, SAFE, no throw
|
Batting: RHB Kenny Miller
|
0-0: Called Strike 0-1: Ball 1-1: Ball 2-1: Foul Ball, location: 2F 2-2: Strikes out swinging
|
Top of the 1st over - 1 run(s), 1 hit(s), 0 error(s), 1 left on base; Oliver Ames HS 1 - John Jay HS 0 |
BOTTOM OF THE 1ST |
John Jay HS Patriots batting - Pitching for Oliver Ames HS Tigers : LHP Mal Chapman
|
Pitching: LHP Mal Chapman
|
|
Batting: RHB Nick Simmons
|
0-0: SINGLE (Flyball, 9S)
|
Batting: LHB Norberto Garza
|
0-0: Ball 1-0: Grounds into double play, 5-4-3 (Groundball, 56)
|
Batting: RHB Ronald Cleveland
|
0-0: Ball 1-0: Called Strike 1-1: Swinging Strike 1-2: Ball 2-2: Foul Ball, location: 2F 2-2: Foul Ball, location: 2F 2-2: Fly out, F7 (Flyball, 78M)
|
Bottom of the 1st over - 0 run(s), 1 hit(s), 0 error(s), 0 left on base; Oliver Ames HS 1 - John Jay HS 0 |
TOP OF THE 2ND |
Oliver Ames HS Tigers batting - Pitching for John Jay HS Patriots : RHP Arturo Martínez
|
Batting: SHB Mark Thompson
|
0-0: Ball 1-0: Ball 2-0: Called Strike 2-1: Foul Ball, location: 2F 2-2: Strikes out swinging
|
Batting: SHB Chris Barrett
|
0-0: Ball 1-0: Ball 2-0: Ball 3-0: Base on Balls
|
Batting: LHB Tracy Becker
|
0-0: Called Strike 0-1: Foul Ball, location: 2F 0-2: Fly out, F2 (Popup, 13S)
|
Batting: SHB David Castaneda
|
0-0: Ground out 6-3 (Groundball, 6MS)
|
Top of the 2nd over - 0 run(s), 0 hit(s), 0 error(s), 1 left on base; Oliver Ames HS 1 - John Jay HS 0 |
BOTTOM OF THE 2ND |
John Jay HS Patriots batting - Pitching for Oliver Ames HS Tigers : LHP Mal Chapman
|
Batting: RHB Weldon Bell
|
0-0: Ball 1-0: Ball 2-0: Ball 3-0: Called Strike 3-1: Foul Ball, location: 2F 3-2: Foul Ball, location: 2F 3-2: Base on Balls
|
Batting: SHB Oliver Miles
|
0-0: Ball 1-0: Ball 2-0: Foul Ball, location: 2F 2-1: Foul Ball, location: 2F 2-2: Reached on error, E5 (Groundball, 56) Weldon Bell to second
|
Batting: RHB Broderick Banks
|
0-0: Ball 1-0: Foul Ball, location: 2F 1-1: Ball 2-1: Called Strike 2-2: Ball 3-2: Foul Ball, location: 2F 3-2: Foul Ball, location: 2F 3-2: Base on Balls Weldon Bell to third Oliver Miles to second
|
Batting: RHB Nick Carter
|
0-0: Ball 1-0: Ball 2-0: Fly out, F6 (Popup, 6)
|
Batting: RHB Dave Hayes
|
0-0: Called Strike 0-1: Ball 1-1: Fly out, F8 (Flyball, 8RM) Runner from 3rd tags up, SCORES, throw made
|
Batting: RHB Jeff Benson
|
0-0: Fly out, F7 (Flyball, 7)
|
Bottom of the 2nd over - 1 run(s), 0 hit(s), 1 error(s), 2 left on base; Oliver Ames HS 1 - John Jay HS 1 |
TOP OF THE 3RD |
Oliver Ames HS Tigers batting - Pitching for John Jay HS Patriots : RHP Arturo Martínez
|
Batting: LHB Jason King
|
0-0: Ball 1-0: Foul Ball, location: 2F 1-1: Ground out 3-1 (Groundball, 34S)
|
Batting: LHB Brandon Napoleon
|
0-0: Swinging Strike 0-1: Foul Ball, location: 2F 0-2: Foul Ball, location: 2F 0-2: Strikes out looking
|
Batting: RHB Will Hinkle
|
0-0: Called Strike 0-1: Ball 1-1: Foul Ball, location: 2F 1-2: Ball 2-2: Foul Ball, location: 2F 2-2: Ball 3-2: SINGLE (Line Drive, 4D)
|
Batting: LHB Kevin Carter
|
0-0: Ball 1-0: Ball 2-0: SINGLE (Line Drive, 4D) Will Hinkle to second
|
Batting: RHB Kenny Miller
|
0-0: DOUBLE (Line Drive, 9LM) Will Hinkle scores Kevin Carter to third
|
Batting: SHB Mark Thompson
|
0-0: Fly out, F7 (Flyball, 7LM)
|
Top of the 3rd over - 1 run(s), 3 hit(s), 0 error(s), 2 left on base; Oliver Ames HS 2 - John Jay HS 1 |
BOTTOM OF THE 3RD |
John Jay HS Patriots batting - Pitching for Oliver Ames HS Tigers : LHP Mal Chapman
|
Batting: RHB Nick Simmons
|
0-0: Called Strike 0-1: Ball 1-1: Foul Ball, location: 2F 1-2: SINGLE (Groundball, 34) (infield hit)
|
Batting: LHB Norberto Garza
|
0-0: Ball 1-0: Ball 2-0: Fly out, F8 (Flyball, 8RM)
|
Batting: RHB Ronald Cleveland
|
0-0: Ball 1-0: Foul Ball, location: 2F 1-1: Ball Nick Simmons is caught stealing 2nd base 2-1: DOUBLE (Flyball, 89D)
|
Batting: RHB Weldon Bell
|
0-0: Ball 1-0: SINGLE (Groundball, 6D) Ronald Cleveland to third Runner from 3rd tries for Home, SAFE, no throw
|
Batting: SHB Oliver Miles
|
0-0: Ball 1-0: Ball 2-0: Ball 3-0: Base on Balls Weldon Bell to second
|
Batting: RHB Broderick Banks
|
0-0: Fielders Choice at 2nd, 6-4 (Groundball, 6)
|
Bottom of the 3rd over - 1 run(s), 3 hit(s), 0 error(s), 1 left on base; Oliver Ames HS 2 - John Jay HS 2 |
TOP OF THE 4TH |
Oliver Ames HS Tigers batting - Pitching for John Jay HS Patriots : RHP Arturo Martínez
|
Batting: SHB Chris Barrett
|
0-0: Called Strike 0-1: Ball 1-1: Foul Ball, location: 2F 1-2: Foul Ball, location: 2F 1-2: Ball 2-2: SINGLE (Line Drive, 6MD)
|
Batting: LHB Tracy Becker
|
0-0: Ball 1-0: Ball 2-0: Called Strike 2-1: Fly out, F8 (Flyball, 8LM)
|
Batting: SHB David Castaneda
|
0-0: Ball Chris Barrett steals 2nd base 1-0: Swinging Strike 1-1: Ball 2-1: Foul Ball, location: 2F 2-2: Ball 3-2: Strikes out swinging
|
Batting: LHB Jason King
|
0-0: Called Strike 0-1: Ball 1-1: Ball 2-1: Foul Ball, location: 2F 2-2: Strikes out swinging
|
Top of the 4th over - 0 run(s), 1 hit(s), 0 error(s), 1 left on base; Oliver Ames HS 2 - John Jay HS 2 |
BOTTOM OF THE 4TH |
John Jay HS Patriots batting - Pitching for Oliver Ames HS Tigers : LHP Mal Chapman
|
Batting: RHB Nick Carter
|
0-0: Fly out, F9 (Flyball, 9LS)
|
Batting: RHB Dave Hayes
|
0-0: Ball 1-0: Ball 2-0: Foul Ball, location: 2F 2-1: Swinging Strike 2-2: Foul Ball, location: 2F 2-2: Strikes out swinging
|
Batting: RHB Jeff Benson
|
0-0: Fly out, F3 (Popup, 3D)
|
Bottom of the 4th over - 0 run(s), 0 hit(s), 0 error(s), 0 left on base; Oliver Ames HS 2 - John Jay HS 2 |
TOP OF THE 5TH |
Oliver Ames HS Tigers batting - Pitching for John Jay HS Patriots : RHP Arturo Martínez
|
Batting: LHB Brandon Napoleon
|
0-0: Ball 1-0: Called Strike 1-1: Foul Ball, location: 2F 1-2: Foul Ball, location: 2F 1-2: Strikes out looking
|
Pitching: RHP Matt Warren
|
|
Batting: RHB Will Hinkle
|
0-0: Ball 1-0: Called Strike 1-1: Swinging Strike 1-2: Fly out, F9 (Flyball, 9S)
|
Batting: LHB Kevin Carter
|
0-0: Called Strike 0-1: Ball 1-1: Ball 2-1: Called Strike 2-2: Ball 3-2: Base on Balls
|
Batting: RHB Kenny Miller
|
0-0: Swinging Strike 0-1: Foul Ball, location: 2F 0-2: Ball 1-2: Strikes out swinging
|
Top of the 5th over - 0 run(s), 0 hit(s), 0 error(s), 1 left on base; Oliver Ames HS 2 - John Jay HS 2 |
BOTTOM OF THE 5TH |
John Jay HS Patriots batting - Pitching for Oliver Ames HS Tigers : LHP Mal Chapman
|
Batting: RHB Nick Simmons
|
0-0: Ground out 4-3 (Groundball, 4M)
|
Batting: LHB Norberto Garza
|
0-0: Ball 1-0: Ball 2-0: Ball 3-0: Called Strike 3-1: Base on Balls
|
Batting: RHB Ronald Cleveland
|
0-0: Swinging Strike 0-1: Swinging Strike 0-2: SINGLE (Groundball, 6MD) Norberto Garza to second Runner from 2nd tries for 3rd, SAFE, throw made to third
|
Batting: RHB Weldon Bell
|
0-0: Called Strike 0-1: Called Strike 0-2: Ball Ronald Cleveland is caught stealing 2nd base 1-2: Ground out 5-3 (Groundball, 56S)
|
Bottom of the 5th over - 0 run(s), 1 hit(s), 0 error(s), 1 left on base; Oliver Ames HS 2 - John Jay HS 2 |
TOP OF THE 6TH |
Oliver Ames HS Tigers batting - Pitching for John Jay HS Patriots : RHP Matt Warren
|
Batting: SHB Mark Thompson
|
0-0: Ball 1-0: Foul Ball, location: 2F 1-1: Foul Ball, location: 2F 1-2: Ball 2-2: Strikes out swinging
|
Batting: SHB Chris Barrett
|
0-0: Called Strike 0-1: Ball 1-1: Ball 2-1: Reached via error on a dropped throw, E3
|
Batting: LHB Tracy Becker
|
0-0: Called Strike Chris Barrett is caught stealing 2nd base 0-1: Ground out 3-1 (Groundball, 34)
|
Top of the 6th over - 0 run(s), 0 hit(s), 1 error(s), 0 left on base; Oliver Ames HS 2 - John Jay HS 2 |
BOTTOM OF THE 6TH |
John Jay HS Patriots batting - Pitching for Oliver Ames HS Tigers : LHP Mal Chapman
|
Batting: SHB Oliver Miles
|
0-0: Ball 1-0: Foul Ball, location: 2F 1-1: Foul Ball, location: 2F 1-2: Ball 2-2: DOUBLE (Line Drive, 8RXD)
|
Pitching: RHP Albert Ballard
|
|
Batting: RHB Broderick Banks
|
0-0: Fly out, F8 (Flyball, 8LM)
|
Batting: RHB Nick Carter
|
0-0: Fly out, F9 (Flyball, 89S)
|
Batting: RHB Dave Hayes
|
0-0: Ball Wild Pitch! Oliver Miles to third 1-0: Foul Ball, location: 2F 1-1: Ball 2-1: Ball 3-1: Called Strike 3-2: Foul Ball, location: 2F 3-2: DOUBLE (Line Drive, 78D) Oliver Miles scores
|
Batting: RHB Jeff Benson
|
0-0: Ball 1-0: Foul Ball, location: 2F 1-1: Ball 2-1: Foul Ball, location: 2F 2-2: Ball 3-2: TRIPLE (Line Drive, 8LD) Dave Hayes scores
|
Batting: RHB Nick Simmons
|
0-0: Ball 1-0: Fly out, F9 (Line Drive, 9)
|
Bottom of the 6th over - 2 run(s), 3 hit(s), 0 error(s), 1 left on base; Oliver Ames HS 2 - John Jay HS 4 |
TOP OF THE 7TH |
Oliver Ames HS Tigers batting - Pitching for John Jay HS Patriots : RHP Matt Warren
|
Batting: SHB David Castaneda
|
0-0: SINGLE (Flyball, 7LS)
|
Batting: LHB Jason King
|
0-0: Ball 1-0: Fielders Choice at 2nd, 4-6 (Groundball, 4M)
|
Batting: LHB Brandon Napoleon
|
0-0: Ball Throwing error on steal attempt, E2 Jason King to third 1-0: Foul Ball, location: 2F 1-1: Swinging Strike 1-2: Foul Ball, location: 2F 1-2: Strikes out looking
|
Batting: RHB Will Hinkle
|
0-0: Swinging Strike 0-1: Ball 1-1: Called Strike 1-2: Ball 2-2: 2-RUN HOME RUN (Flyball, 78XD), Distance : 436 ft
|
Batting: LHB Kevin Carter
|
0-0: Fly out, F3 (Line Drive, 34)
|
Top of the 7th over - 2 run(s), 2 hit(s), 1 error(s), 0 left on base; Oliver Ames HS 4 - John Jay HS 4 |
BOTTOM OF THE 7TH |
John Jay HS Patriots batting - Pitching for Oliver Ames HS Tigers : RHP Albert Ballard
|
Batting: LHB Norberto Garza
|
0-0: Ball 1-0: Called Strike 1-1: Foul Ball, location: 2F 1-2: Ball 2-2: Strikes out swinging
|
Batting: RHB Ronald Cleveland
|
0-0: Foul Ball, location: 2F 0-1: Foul Ball, location: 2F 0-2: Ball 1-2: SINGLE (Flyball, 9LM)
|
Batting: RHB Weldon Bell
|
0-0: Ball Ronald Cleveland steals 2nd base 1-0: Foul Ball, location: 2F 1-1: Ball 2-1: Foul Ball, location: 2F 2-2: Ball 3-2: Foul Ball, location: 2F 3-2: Base on Balls
|
Batting: SHB Oliver Miles
|
0-0: Ball Ronald Cleveland is caught stealing 3rd base Weldon Bell to second 1-0: Ball 2-0: Fly out, F9 (Line Drive, 89M)
|
Bottom of the 7th over - 0 run(s), 1 hit(s), 0 error(s), 1 left on base; Oliver Ames HS 4 - John Jay HS 4 |
TOP OF THE 8TH |
Oliver Ames HS Tigers batting - Pitching for John Jay HS Patriots : RHP Matt Warren
|
Batting: RHB Kenny Miller
|
0-0: Ball 1-0: Ball 2-0: Called Strike 2-1: Ball 3-1: Base on Balls
|
Batting: SHB Mark Thompson
|
0-0: Ball 1-0: Ball 2-0: Fly out, F8 (Flyball, 8RXD)
|
Batting: SHB Chris Barrett
|
0-0: Ball 1-0: Foul Ball, location: 2F 1-1: Foul Ball, location: 2F 1-2: Ball 2-2: Strikes out swinging
|
Batting: LHB Tracy Becker
|
0-0: Called Strike 0-1: Ball 1-1: Swinging Strike 1-2: Strikes out swinging
|
Top of the 8th over - 0 run(s), 0 hit(s), 0 error(s), 1 left on base; Oliver Ames HS 4 - John Jay HS 4 |
BOTTOM OF THE 8TH |
John Jay HS Patriots batting - Pitching for Oliver Ames HS Tigers : RHP Albert Ballard
|
Batting: RHB Broderick Banks
|
0-0: Ball 1-0: Ground out 4-3 (Groundball, 4)
|
Batting: RHB Nick Carter
|
0-0: SOLO HOME RUN (Flyball, 7D), Distance : 381 ft
|
Pitching: RHP Herman Watson
|
|
Batting: RHB Dave Hayes
|
0-0: Swinging Strike 0-1: Foul Ball, location: 2F 0-2: Foul Ball, location: 2F 0-2: Ball 1-2: Ball 2-2: Foul Ball, location: 2F 2-2: Ball 3-2: Base on Balls
|
Batting: RHB Jeff Benson
|
0-0: SINGLE (Line Drive, 6M) Dave Hayes to second
|
Batting: RHB Nick Simmons
|
0-0: Ball 1-0: Called Strike 1-1: Foul Ball, location: 2F 1-2: Fly out, F8 (Flyball, 8LM)
|
Batting: LHB Norberto Garza
|
0-0: Called Strike 0-1: Called Strike 0-2: Strikes out looking
|
Bottom of the 8th over - 1 run(s), 2 hit(s), 0 error(s), 2 left on base; Oliver Ames HS 4 - John Jay HS 5 |
TOP OF THE 9TH |
Oliver Ames HS Tigers batting - Pitching for John Jay HS Patriots : RHP Matt Warren
|
Pitching: RHP José Ramírez
|
|
Batting: SHB David Castaneda
|
0-0: Ground out 4-3 (Groundball, 4)
|
Batting: LHB Jason King
|
0-0: Called Strike 0-1: Fly out, F9 (Flyball, 9)
|
Batting: LHB Brandon Napoleon
|
0-0: Foul Ball, location: 2F 0-1: Ball 1-1: Called Strike 1-2: Fly out, F8 (Flyball, 8LM)
|
Top of the 9th over - 0 run(s), 0 hit(s), 0 error(s), 0 left on base; Oliver Ames HS 4 - John Jay HS 5 |
|